 Dungeon Crawl Stone Soup version 0.31-a0-931-g7b59d4eb97 (webtiles) character file.

Game seed: 1784064448285044489

177 Persephone the Ruffian (level 5, -2/46 HPs)
             Began as a Troll Shapeshifter on Oct 19, 2023.
             Was an Initiate of Gozag.
             Succumbed to a gnoll's poison
             ... on level 4 of the Dungeon.
             The game lasted 00:03:26 (2200 turns).

Persephone the Ruffian (Troll Shapeshifter)         Turns: 2200, Time: 00:03:27

Health: -2/46      AC: 11    Str: 24    XL:     5   Next: 31%
Magic:  4/4        EV:  7    Int:  6    God:    Gozag
Gold:   150        SH:  0    Dex:  9    Spells: 4/4 levels left

rFire   x .          .
                       - Unarmed
rCold   + + .        (no shield)
rNeg    . . .        i - +0 ice dragon scales
rPois   .            (helmet currently unavailable)
rElec   .            (cloak currently unavailable)
rCorr   +            (gloves unavailable)
SInv    .            (boots unavailable)
Will    +....        (no amulet) Stlth
                     g - ring of willpower
HPRegen 1.07/turn    e - ring of resist corrosion {+++}
MPRegen 0.09/turn

%: no passive effects
@: lethally poisoned (-2 -> -23), beast-form, gold aura
A: beast (slay +2), large, unfitting armour, claws 3, regeneration 1, shaggy fur
1, tough skin 1
a: Begin Untransformation, Renounce Religion, Potion Petition, Call Merchant,
Bribe Branch


You were on level 4 of the Dungeon.
You worshipped Gozag.
Gozag was aware of your devotion.
You were a hulking beast.
You visited 1 branch of the dungeon, and saw 4 of its levels.

You collected 211 gold pieces.
You paid 61 gold pieces to Gozag.

Inventory:

Armour
 a - a +0 animal skin
 i - +0 ice dragon scales (worn)
Jewellery
 e - a ring of resist corrosion (right claw) {+++}
 f - a +6 ring of strength
 g - a ring of willpower (left claw)
Talismans
 c - a beast talisman (active)
 d - a flux talisman
Scrolls
 j - a scroll of brand weapon {unknown}
 k - a scroll of fog {unknown}
 l - 2 scrolls of revelation
Potions
 b - 2 potions of lignification
 h - 4 potions of curing {unknown}
 m - 2 potions of haste {unknown}
 o - a potion of heal wounds {unknown}
 q - a potion of ambrosia {unknown}


   Skills:
 - Level 0.7 Fighting
 - Level 1.5 Dodging
 + Level 4.8 Unarmed Combat
 + Level 4.5 Shapeshifting


You had 4 spell levels left.
You didn't know any spells.
Your spell library contained the following spells:

 Spells                   Type           Power      Damage    Failure   Level
 Iskenderun's Battlesphe  Conj           0%         2d6       100%        5
 Bombard                  Conj/Erth      0%         9d1       100%        6
 Spellforged Servitor     Conj/Summ      0%         N/A       100%        7


Dungeon Overview and Level Annotations

Branches:
Dungeon (4/15)
 Temple: D:4-7

Altars:
Gozag

Shops:
D:4 *


Innate Abilities, Weirdness & Mutations

You are a hulking beast.
Your limbs bulge with bestial killing power. (Slay +2)
You are too large for most types of armour.
You have claws for hands.
Your natural rate of healing is unusually fast.
You are covered in fur. (AC +1)
You have tough skin. (AC +1)


Message History

The gnoll is lightly wounded.
The gnoll hits you with a +0 spear.
The gnoll hits you from afar with a +3 spear of venom!
You are poisoned.
You are too injured to fight recklessly!
You are too injured to fight recklessly!
You are too injured to fight recklessly!
You are too injured to fight recklessly!
You are too injured to fight recklessly!
You are too injured to fight recklessly!
You are too injured to fight recklessly!
You are too injured to fight recklessly!
You are too injured to fight recklessly!
You are too injured to fight recklessly!
You are too injured to fight recklessly!
You are too injured to fight recklessly!
You are too injured to fight recklessly!
You are too injured to fight recklessly!
You are too injured to fight recklessly!
You are too injured to fight recklessly!
You mangle the gnoll!!
You kill the gnoll!
You feel very sick.
The gnoll hits you from afar with a +3 spear of venom!
Found 5 stones.
You feel sick.
The gnoll hits you with a +3 spear of venom.
* * * LOW HITPOINT WARNING * * *
You are lethally poisoned!
Things that are here:
6 gold pieces; a +0 spear You claw the gnoll!
The gnoll is severely wounded.
* * * LOW HITPOINT WARNING * * *
You feel very sick. The gnoll hits you but does no damage.
You are more poisoned.
You completely miss the gnoll.
The gnoll is severely wounded.
You die...
Your body crumbles into a pile of gold.

#.#.# #.#...#..........
#.#.####.#.#...###.....#
#.#......#.#...........#
#.########.#...######.##
#.#.....##.#............
#....$$....###.######.##
###.###$................
#.#...........(...#.#.
#.#..h..#####.......#.
#.#..g..# ##.#.......
........# #....#.....
##.##....# #....#...#.
#.......# #......#.#. #
#####.####....#.....
.##......##...#
(##....>...#...
#....###.#...


You could see a gnoll.

Vanquished Creatures
  Robin (D:2)
  3 gnolls (D:4)
  7 adders
  A worm (D:2)
  3 dart slugs
  An orc (D:2)
  2 ball pythons (D:1)
  4 endoplasms
  3 giant cockroaches
  13 goblins
  7 hobgoblins
  5 kobolds
  2 quokkas (D:3)
  3 bats (D:2)
  5 frilled lizards
  6 rats
66 creatures vanquished.

Notes
Turn   | Place    | Note
-------+----------+-------------------------------------------
     0 | D:1      | Persephone the Troll Shapeshifter began the quest for the
                  | Orb.
     0 | D:1      | Reached XP level 1. HP: 18/18 MP: 0/0
   413 | D:1      | Reached XP level 2. HP: 23/26 MP: 1/1
   796 | D:2      | Reached XP level 3. HP: 32/32 MP: 2/2
   835 | D:2      | Noticed Robin
   870 | D:2      | Killed Robin
   875 | D:2      | Reached XP level 4. HP: 39/40 MP: 3/3
  1838 | D:4      | Found an opulent altar of Gozag.
  1843 | D:4      | Found Gozag's Platinum Reserve.
  1855 | D:4      | Became a worshipper of Gozag Ym Sagoz the Greedy
  2123 | D:4      | Reached XP level 5. HP: 46/46 MP: 4/4
  2200 | D:4      | Succumbed to a gnoll's poison

Illustrated notes

Levels and vault maps discovered:
D:1:      dpeg_arrival_ternary, layout_basic, kennysheep_minor_cross
D:2:      layout_basic, minmay_heptomino_w4, uniq_robin
D:3:      layout_basic
D:4:      layout_basic, nicolae_gozag_zags_fifth_avenue,
          hellmonk_ghost_happy_afterlife

Skill      XL: |  1  2  3  4 |
---------------+-------------+-----
Unarmed Combat | 4 |  4.8
Shapeshifting  | 4 |  4.5
Fighting       | |  0.7
Dodging        | |  1.5

Action                     |  1- 3 |  4- 6 || total
---------------------------+-------+-------++-------
  Melee: Unarmed           |    68 |    65 ||   133
         Punch             |       |     1 ||     1
    Use: Scroll            |       |     7 ||     7
   Stab: Sleeping          |       |     2 ||     2
 Armour: Animal skin       |    47 |    21 ||    68
         Ice dragon scales |       |    17 ||    17
  Dodge: Dodged            |    35 |    13 ||    48

Table legend: (Time is in decaauts)
 A = Elapsed time spent in this place.
 B = Non-inter-level travel time spent in this place.
 C = Inter-level travel time spent in this place.
 D = Time resting spent in this place.
 E = Time spent auto-exploring this place.
 F = Levels seen in this place.
 G = Mean time per level.
                   A        B        C        D        E       F      G
               +--------+--------+--------+--------+--------+-----+--------+
         Total |   2188 |   2150 |     38 |      0 |   1740 |   4 |  547.0 |
       Dungeon |   2188 |   2150 |     38 |      0 |   1740 |   4 |  547.0 |
               +--------+--------+--------+--------+--------+-----+--------+

Top non-repeatable levels by time:
     D:2: 727 daAuts
     D:1: 616 daAuts
     D:4: 495 daAuts
     D:3: 348 daAuts
